 Dungeon Crawl Stone Soup version 0.21.1-1-g345015f (webtiles) character file.

11371 lysyklops the Basher (level 11, -2/87 HPs)
             Began as a Demonspawn Berserker on July 13, 2018.
             Was a High Priest of Trog.
             Slain by a killer bee (5 damage)
             ... on level 1 of the Lair of Beasts on July 14, 2018.
             The game lasted 00:35:40 (11761 turns).

lysyklops the Basher (Demonspawn Berserker)        Turns: 11761, Time: 00:35:42

Health: -2/87      AC: 29    Str: 21    XL:     11   Next: 48%
Magic:  11/11      EV:  8    Int:  8    God:    Trog [*****.]
Gold:   767        SH:  0    Dex: 13    Spells: 10/10 levels left

rFire    + . .     SeeInvis .   R - +1 morningstar (freeze)
rCold    . . .     Gourm    .   (no shield)
rNeg     . . .     Faith    .   K - +1 plate armour
rPois    .         Spirit   .   D - +0 helmet
rElec    .         Reflect  .   V - +0 cloak
rCorr    +         Harm     .   m - +0 pair of gloves
MR       +....                  u - +0 pair of boots
Stlth    ..........             M - amulet of regeneration
HPRegen  0.64/turn              t - ring of protection from magic
MPRegen  0.12/turn              y - ring of resist corrosion

@: lethally poisoned (-2 -> -2), sanguine armour, berserk cooldown, slowed, very
slow
A: hooves 1, demonic guardian 1, fire resistance 1, sanguine armour 2
a: Berserk, Trog's Hand, Brothers in Arms, Burn Spellbooks, Renounce Religion


You were on level 1 of the Lair of Beasts.
You worshipped Trog.
Trog was extremely pleased with you.
You were not hungry.

You visited 2 branches of the dungeon, and saw 12 of its levels.

You collected 767 gold pieces.

Inventory:

Hand Weapons
 a - a +0 mace
 d - a -2 dire flail
 O - a +0 flail of draining
 R - a +1 morningstar of freezing (weapon)
Armour
 b - a +0 animal skin
 i - a +0 pair of gloves
 m - a +0 pair of gloves (worn)
 s - a +0 chain mail
 u - a +0 pair of boots (worn)
 D - a +0 helmet (worn)
 K - a +1 plate armour (worn)
 V - a +0 cloak (worn)
Jewellery
 g - a +2 amulet of reflection
 n - an uncursed ring of teleportation
 t - a ring of protection from magic (left hand)
 v - an uncursed amulet of magic regeneration
 y - a ring of resist corrosion (right hand)
 M - an amulet of regeneration (around neck)
 U - an uncursed amulet of magic regeneration
 W - an uncursed ring of flight {unknown}
Wands
 x - a wand of disintegration (11)
 B - a wand of scattershot (6)
 C - a wand of iceblast (18)
 E - a wand of polymorph (43)
 I - a wand of paralysis (7)
 L - a wand of digging (14)
 P - a wand of acid (11)
Scrolls
 f - 4 scrolls of remove curse
 k - 2 scrolls of enchant armour
 l - 5 scrolls of amnesia
 o - 2 scrolls of fog
 q - 3 scrolls of magic mapping
 w - 2 scrolls of random uselessness {unknown}
 A - a scroll of enchant weapon {unknown}
 G - 2 scrolls of teleportation {unknown}
 J - 2 scrolls of blinking {unknown}
 Q - a scroll of brand weapon {unknown}
 T - a scroll of torment {unknown}
 X - a scroll of summoning {unknown}
 Z - a scroll of identify
Potions
 e - 3 potions of lignification
 h - 3 potions of agility
 p - a potion of curing
 r - a potion of might
 z - a potion of heal wounds
 F - 2 potions of degeneration
 H - a potion of invisibility
 N - a potion of ambrosia
 S - 2 potions of berserk rage {unknown}
Comestibles
 c - 22 rations


   Skills:
 + Level 8.9 Fighting
 + Level 12.1 Maces & Flails
 + Level 8.3 Armour
 + Level 4.3 Dodging


You had 10 spell levels left.
You didn't know any spells.

Dungeon Overview and Level Annotations

Branches:
Dungeon (11/15)            Temple (0/1) D:7            Lair (1/6) D:11
    Orc (0/2) D:10

Altars:
Gozag
Nemelex Xobeh
Okawaru
Ru
Trog
Yredelemnul
The Shining One
Beogh

Shops:
D:11 :


Innate Abilities, Weirdness & Mutations

You have large cloven feet.
A weak demonic guardian rushes to your aid.
Your flesh is heat resistant. (rF+)
When seriously injured, your bleeding wounds create thick armour. (AC +9)


Message History

The killer bee closely misses your quasit.
The killer bee misses your quasit.
The killer bee stings you but does no damage.
The killer bee stings your iron imp but does no damage.
Your quasit barely misses the killer bee. x2
Your quasit closely misses the killer bee.
The killer bee stings your quasit! The killer bee barely misses you.
You feel sick.
The killer bee looks more energetic.
The killer bee stings your iron imp.
The killer bee barely misses your iron imp.
Your quasit barely misses the killer bee.
Your quasit misses the killer bee.
Your quasit barely misses the killer bee.
The killer bee barely misses you.
Your quasit bites the killer bee but does no damage.
Your quasit misses the killer bee.
Your quasit closely misses the killer bee.
The killer bee stings you but does no damage.
The killer bee stings you.
You die...

.......####..........†...........
.......# ##.........♣♣♣♣♣♣♣♣♣...
.......# #P........#♣ #.........
###.#### ##........^###.........
### #........###..........
#........# ##......... ##....##P#
#####P.### ###### ###.#..#######
#### # .....# ##.....@y....P# #
.....# #.....yy.....## # .....#
##......5....# # .....##
#.....†y5...# #
.....P#####......††...# #
.....+..P##...........## ###
......#.##............P# #.P
.....##........(.......# ##P
.....###..+...........## #.P


You could see 4 killer bees, a friendly iron imp and a friendly quasit.

Vanquished Creatures
  A two-headed ogre (D:10)
  A wizard (D:10)
  An ugly thing (D:11)
  2 deep elf magi (D:10)
  Joseph (D:7)
  Maurice (D:11)
  A gargoyle (D:11)
  A komodo dragon (Lair:1)
  A queen bee (Lair:1)
  2 trolls
  2 hippogriffs
  10 yaks
  A wyvern (D:10)
  A human (D:9)
  Grum (D:8)
  2 hogs (D:9)
  Menkaure (D:7)
  3 orc warriors
  A sky beast (D:7)
  A black bear (D:8)
  A phantom (D:8)
  An eye of draining (D:11)
  An ice beast (D:11)
  A necrophage (D:2)
  3 ogres
  3 wolves (D:8)
  6 centaurs
  A crocodile (Lair:1)
  3 bullfrogs
  A gnoll sergeant (D:10)
  A wyvern zombie (D:11)
  4 scorpions
  21 killer bees
  2 howler monkeys
  A centaur zombie (D:9)
  2 crimson imps
  2 quasits (D:11)
  2 hounds
  2 jellies
  4 orc priests
  A bullfrog skeleton (D:8)
  3 iguanas
  5 orc wizards
  8 worker ants
  3 hound zombies
  A hound skeleton (D:5)
  3 worker ant zombies
  7 gnolls
  13 adders
  2 howler monkey skeletons
  2 shadow imps
  An adder zombie (D:6)
  3 worms
  2 dart slugs (D:2)
  4 leopard geckos
  38 orcs
  5 giant cockroaches
  9 goblins
  13 hobgoblins
  8 jackals
  6 kobolds
  4 quokkas
  2 ball pythons
  8 bats
  3 frilled lizards
  2 jackal skeletons
  A leopard gecko skeleton (D:4)
  2 leopard gecko zombies
  11 rats
267 creatures vanquished.

Vanquished Creatures (collateral kills)
  A hog (D:9)
  2 ice beasts (D:9)
  An ogre (D:10)
  3 killer bees
  2 orcs (D:10)
9 creatures vanquished.

Vanquished Creatures (others)
  A bush (Lair:1)
  3 fungi (Lair:1)
  8 plants (Lair:1)
12 creatures vanquished.

Grand Total: 288 creatures vanquished

Notes
Turn   | Place    | Note
-------+----------+-------------------------------------------
     0 | D:1      | lysyklops the Demonspawn Berserker began the quest for the Orb.
     0 | D:1      | Reached XP level 1. HP: 18/18 MP: 1/1
   228 | D:1      | Gained mutation: You have large cloven feet. [demonic ancestry]
   228 | D:1      | Reached XP level 2. HP: 15/24 MP: 2/2
   488 | D:1      | Reached skill level 3 in Maces & Flails
   826 | D:2      | Reached XP level 3. HP: 22/29 MP: 3/3
  1074 | D:2      | Reached ** piety under Trog
  1394 | D:2      | Noticed a necrophage
  1398 | D:2      | Killed a necrophage
  1398 | D:2      | Reached skill level 4 in Maces & Flails
  1398 | D:2      | Reached XP level 4. HP: 37/37 MP: 4/4
  1494 | D:2      | Gained mutation: When seriously injured, your bleeding wounds create armour. (AC +9) [demonic ancestry]
  1494 | D:2      | Reached XP level 5. HP: 37/42 MP: 5/5
  1849 | D:2      | Found a basalt altar of Yredelemnul.
  2334 | D:3      | Reached *** piety under Trog
  2652 | D:3      | Reached XP level 6. HP: 43/48 MP: 6/6
  2792 | D:4      | HP: 1/48 [centaur (7)]
  2793 | D:4      | Reached skill level 5 in Maces & Flails
  4193 | D:5      | Entered Level 5 of the Dungeon
  4224 | D:5      | Gained mutation: When seriously injured, your bleeding wounds create thick armour. (AC +9) [demonic ancestry]
  4224 | D:5      | Reached XP level 7. HP: 27/55 MP: 7/7
  4301 | D:5      | Reached skill level 6 in Maces & Flails
  4725 | D:5      | Reached skill level 5 in Fighting
  5191 | D:6      | Gained mutation: Your flesh is heat resistant. (rF+) [demonic ancestry]
  5191 | D:6      | Reached XP level 8. HP: 26/62 MP: 8/8
  5283 | D:6      | Reached skill level 7 in Maces & Flails
  5305 | D:6      | Reached **** piety under Trog
  6281 | D:7      | Reached skill level 8 in Maces & Flails
  6416 | D:7      | Noticed Joseph
  6448 | D:7      | Killed Joseph
  6448 | D:7      | Gained mutation: A weak demonic guardian rushes to your aid. [demonic ancestry]
  6448 | D:7      | Reached XP level 9. HP: 37/69 MP: 9/9
  6489 | D:7      | Noticed Menkaure
  6502 | D:7      | Killed Menkaure
  6686 | D:7      | Found a staircase to the Ecumenical Temple.
  7114 | D:7      | Found a sacrificial altar of Ru.
  7284 | D:8      | Reached skill level 5 in Armour
  7600 | D:8      | Reached ***** piety under Trog
  7768 | D:8      | Reached skill level 9 in Maces & Flails
  8092 | D:8      | Noticed Grum
  8117 | D:8      | Killed Grum
  8166 | D:8      | Found a glowing golden altar of the Shining One.
  8516 | D:9      | Noticed a troll
  8530 | D:9      | Killed a troll
  8657 | D:9      | Found an iron altar of Okawaru.
  8780 | D:9      | Found a faded altar of an unknown god.
  8780 | D:9      | Found an opulent altar of Gozag.
  8785 | D:9      | Found a bloodstained altar of Trog.
  8787 | D:9      | Found a faded altar of an unknown god.
  8788 | D:9      | Found a sparkling altar of Nemelex Xobeh.
  8871 | D:9      | Reached skill level 10 in Maces & Flails
  8874 | D:9      | Reached XP level 10. HP: 36/79 MP: 10/10
  8947 | D:10     | Entered Level 10 of the Dungeon
  9052 | D:10     | Found a staircase to the Orcish Mines.
  9476 | D:10     | Noticed a deep elf mage
  9477 | D:10     | Noticed a wizard
  9479 | D:10     | Noticed a deep elf mage
  9482 | D:10     | Killed a wizard
  9486 | D:10     | Noticed a smoke demon
  9493 | D:10     | Killed a deep elf mage
  9539 | D:10     | Noticed a deep elf mage
  9540 | D:10     | Identified Ts'ui Pên's Tome of Forking Paths
  9551 | D:10     | Killed a deep elf mage
  9565 | D:10     | Received a gift from Trog
  9619 | D:10     | Noticed a two-headed ogre
  9629 | D:10     | Killed a two-headed ogre
  9629 | D:10     | Reached skill level 11 in Maces & Flails
  9937 | D:10     | Found a roughly hewn altar of Beogh.
 10275 | D:11     | Noticed Maurice
 10285 | D:11     | Killed Maurice
 10411 | D:11     | Found a staircase to the Lair.
 10465 | D:11     | Noticed a red ugly thing
 10467 | D:11     | Noticed a gargoyle
 10471 | D:11     | Reached XP level 11. HP: 86/86 MP: 11/11
 10483 | D:11     | Killed a red ugly thing
 10811 | D:11     | Found Esathaf's Book Shoppe.
 10973 | Lair:1   | Entered Level 1 of the Lair of Beasts
 11160 | Lair:1   | Reached skill level 12 in Maces & Flails
 11755 | Lair:1   | HP: 4/87 [poisoned by a killer bee]
 11760 | Lair:1   | HP: 3/87 [poisoned by a killer bee]
 11761 | Lair:1   | Slain by a killer bee

Skill      XL: |  1  2  3  4  5  6  7  8  9 10 11 |
---------------+----------------------------------+-----
Dodging        | 2 3 4 |  4.3
Maces & Flails | 3 4 5 6 8 10 11 12 | 12.1
Fighting       | 4 5 6 7 8 |  8.9
Armour         | 2 3 4 6 7 8 |  8.3

Action                   |  1- 3 |  4- 6 |  7- 9 | 10-12 || total
-------------------------+-------+-------+-------+-------++-------
Melee: Mace              |    91 |   202 |   624 |    58 ||   975
       Kick              |    22 |    48 |       |       ||    70
       Morningstar       |       |       |       |   261 ||   261
       Flail             |       |       |       |    56 ||    56
Invok: Berserk           |     1 |     2 |     6 |     6 ||    15
       Burn Spellbooks   |     1 |       |     2 |     2 ||     5
  Use: Scroll            |       |       |       |    18 ||    18
       Potion            |       |       |       |     3 ||     3
 Stab: Sleeping          |     1 |     1 |       |       ||     2
       Distracted        |       |       |     2 |     2 ||     4
  Eat: Chunk             |     1 |     7 |    16 |    12 ||    36
       Ration            |       |     1 |     2 |     1 ||     4
Armor: Animal skin       |    21 |    42 |       |       ||    63
       Chain mail        |       |    37 |   194 |       ||   231
       Plate armour      |       |       |   204 |   459 ||   663
Dodge: Dodged            |    75 |   132 |   260 |   279 ||   746
